 Dungeon Crawl Stone Soup version 0.22-a0-388-g09e6169 (webtiles) character file.

627 Alphaeus the Ruffian (level 7, -4/66 HPs)
             Began as a Troll Transmuter on Apr 29, 2018.
             Slain by a centaur zombie (6 damage)
             ... in an ossuary.
             The game lasted 00:06:00 (3669 turns).

Alphaeus the Ruffian (Troll Transmuter)             Turns: 3669, Time: 00:06:01

Health: -4/66      AC:  8    Str: 19    XL:     7   Next: 23%
Magic:  9/9        EV: 16    Int: 11    God:
Gold:   302        SH:  0    Dex: 15    Spells: 9/10 levels left

rFire    . . .     SeeInvis .     - Unarmed
rCold    . . .     Gourm    +   (no shield)
rNeg     . . .     Faith    .   b - +0 robe
rPois    .         Spirit   .   k - +1 hat
rElec    .         Reflect  .   (no cloak)
rCorr    .         Harm     .   (gloves unavailable)
MR       .....                  (boots unavailable)
Stlth    ++........             (no amulet)
HPRegen  0.61/turn              f - +2 ring of protection
MPRegen  0.11/turn              (no ring)

@: confused, agile
A: large, unfitting armour, claws 3, fast metabolism 3, gourmand, regeneration
1, shaggy fur 1, tough skin 2
a: no special abilities


You were in an ossuary.
You were not hungry.

You visited 1 branch of the dungeon, and saw 5 of its levels.
You also visited: Sewer and Ossuary.

You collected 302 gold pieces.

Inventory:

Hand Weapons
 r - the +8 whip of Plague {slash, rC+ rN+ MP+9 Str-2}
   (You found it on level 4 of the Dungeon)

   It inflicts extra damage upon your enemies.
   It affects your strength (-2).
   It protects you from cold.
   It protects you from negative energy.
   It affects your magic capacity (+9).
Missiles
 a - 54 arrows
Armour
 b - a +0 robe (worn)
 k - a +1 hat (worn)
Jewellery
 f - a +2 ring of protection (left claw)
Scrolls
 c - 4 scrolls of identify
 h - 2 scrolls of teleportation {unknown}
 n - 2 scrolls of remove curse
 p - 2 scrolls of amnesia {unknown}
 q - a scroll of immolation {unknown}
 s - a scroll of enchant armour {unknown}
Potions
 e - 2 potions of agility
 g - a potion of mutation {unknown}
 i - 3 potions of ambrosia
 j - a potion of heal wounds {unknown}
 l - 2 potions of haste {unknown}
 m - 2 potions of curing {unknown}
 o - a potion of resistance {unknown}
Comestibles
 d - 7 rations


   Skills:
 + Level 2.3 Fighting
 + Level 2.0 Armour
 + Level 2.8 Dodging
 * Level 5.2 Unarmed Combat
 + Level 2.2 Spellcasting
 + Level 2.5 Transmutations


You had 9 spell levels left.
You knew the following spells:

 Your Spells              Type           Power        Failure   Level  Hunger
a - Beastly Appendage     Tmut           #.....       11%         1    ##.....


Dungeon Overview and Level Annotations

Branches:
Dungeon (5/15)
 Temple: D:4-7

Altars:
Elyvilon
Qazlal
Ru
Vehumet


Innate Abilities, Weirdness & Mutations

You are too large for most types of armour.
You have claws for hands.
Your metabolism is lightning-fast.
You like to eat raw meat.
Your natural rate of healing is unusually fast.
You are covered in fur. (AC +1)
You have very tough skin. (AC +2)


Message History

You closely miss the human zombie. The human zombie hits you.
* * * LOW HITPOINT WARNING * * *
The centaur zombie barely misses you.
You claw the human zombie!
The human zombie is moderately damaged.
The centaur zombie hits you but does no damage.
The human zombie hits you.
* * * LOW HITPOINT WARNING * * *
It was a potion of ambrosia.
You are confused.
You feel invigorated. The centaur zombie barely misses you.
The elf zombie hits you.
* * * LOW HITPOINT WARNING * * *
The human zombie completely misses you.
It was a potion of agility.
You feel agile all of a sudden. The centaur zombie misses you.
The elf zombie hits you.
* * * LOW HITPOINT WARNING * * *
The centaur zombie hits you.
You die...

### ###.###
##.....##
#.......#
#..Z....#
#.@Z....#
##.Z...##
###.### #'#
###.###
##.....##
#.......#
##...∩...##
+...∩∩∩...+


You could see an elf zombie, a centaur zombie and a human zombie.

Vanquished Creatures
  The ghost of Alphaeus the Ruffian, an amateur TrTm (D:4)
  A centaur (D:5)
  A crocodile (Sewer)
  A human zombie (Ossuary)
  An orc wizard (D:4)
  A bullfrog skeleton (D:4)
  An iguana (D:5)
  A mummy (Ossuary)
  7 adders
  A worm zombie (D:5)
  An adder skeleton (D:4)
  2 worms (D:4)
  4 dart slugs (D:1)
  3 leopard geckos
  6 orcs
  5 giant cockroaches
  11 hobgoblins
  6 jackals
  A quokka (D:2)
  4 ball pythons
  15 bats
  5 frilled lizards
  20 goblins
  10 kobolds
  9 rats
118 creatures vanquished.

Notes
Turn   | Place    | Note
-------+----------+-------------------------------------------
     0 | D:1      | Alphaeus the Troll Transmuter began the quest for the Orb.
     0 | D:1      | Reached XP level 1. HP: 18/18 MP: 1/1
   242 | D:1      | Reached skill level 1 in Fighting
   242 | D:1      | Reached XP level 2. HP: 27/27 MP: 2/2
   417 | D:1      | Reached XP level 3. HP: 33/33 MP: 4/4
  1193 | D:2      | Reached XP level 4. HP: 41/41 MP: 5/5
  1844 | D:3      | Reached skill level 4 in Unarmed Combat
  2024 | D:3      | Reached skill level 1 in Armour
  2174 | D:3      | Reached XP level 5. HP: 47/48 MP: 6/6
  2287 | D:3      | Found a white marble altar of Elyvilon.
  2289 | D:3      | Found a sacrificial altar of Ru.
  2289 | D:3      | Found a stormy altar of Qazlal.
  2289 | D:3      | Found a radiant altar of Vehumet.
  2514 | D:4      | Got a blackened whip
  2515 | D:4      | Identified the +8 whip of Plague {slash, rC+ rN+ MP+9 Str-2} (You found it on level 4 of the Dungeon)
  2611 | D:4      | Found a glowing drain.
  2634 | Sewer    | Entered a sewer
  2697 | Sewer    | Noticed a crocodile
  2705 | Sewer    | Killed a crocodile
  2705 | Sewer    | Reached XP level 6. HP: 31/57 MP: 7/7
  2872 | D:4      | Noticed Alphaeus's ghost (amateur TrTm)
  2889 | D:4      | Killed Alphaeus's ghost
  3321 | D:4      | Reached skill level 5 in Unarmed Combat
  3516 | D:5      | Entered Level 5 of the Dungeon
  3541 | D:5      | Found a sand-covered staircase.
  3581 | D:5      | Reached XP level 7. HP: 29/65 MP: 9/9
  3595 | Ossuary  | Entered an ossuary
  3667 | Ossuary  | HP: 3/66 [human zombie (5)]
  3668 | Ossuary  | HP: 1/66 [elf zombie (5)]
  3669 | Ossuary  | Slain by a centaur zombie

Vault maps used:
D:1:      tarquinn_simple_flora_water_c, st_stairs_11
D:3:      cheibrodos_greedy_goblins, grunt_temple_overflow_open
D:4:      portal_sewer_entry_e, first_ration, minivault_14
D:5:      gammafunk_temple_overflow_elements, enter_ossuary_3, uniq_edmund
Sewer:    sewer_big_baddie
Ossuary:  ossuary_minmay_four_chambers

Skill      XL: |  1  2  3  4  5  6  7 |
---------------+----------------------+-----
Fighting       | 1 2 |  2.3
Dodging        | 2 |  2.8
Unarmed Combat | 4 5 |  5.2
Armour         | 1 2 |  2.0
Transmutations | 2 |  2.5
Spellcasting   | 2 |  2.2

Action                   |  1- 3 |  4- 6 |  7- 9 || total
-------------------------+-------+-------+-------++-------
Melee: Unarmed           |   114 |   204 |    17 ||   335
       Punch             |       |     2 |     1 ||     3
       Whip              |       |     8 |       ||     8
  Use: Scroll            |       |     5 |       ||     5
       Potion            |       |       |     2 ||     2
 Stab: Sleeping          |     2 |       |       ||     2
  Eat: Chunk             |    16 |    17 |       ||    33
Armor: Robe              |    56 |   118 |    20 ||   194
Dodge: Dodged            |    67 |   159 |    20 ||   246

Table legend:
 A = Spawn XP
 B = Non-spawn XP
 C = Spawn XP percentage of total XP
 D = Spawn monster count
 E = Non-spawn monster count
 F = Spawn count percentage of total count
 G = Total turns spent on level
                    A         B        C        D         E        F      G
               +---------+---------+-------+---------+---------+-------+---------
         Total |       0 |     897 |   0.0 |       0 |     118 |   0.0 |  3669
               +---------+---------+-------+---------+---------+-------+---------
           D:1 |       0 |      61 |   0.0 |       0 |      31 |   0.0 |   684
           D:2 |       0 |      41 |   0.0 |       0 |      19 |   0.0 |   952
           D:3 |       0 |     106 |   0.0 |       0 |      39 |   0.0 |   721
           D:4 |       0 |     363 |   0.0 |       0 |      18 |   0.0 |  1005
           D:5 |       0 |     153 |   0.0 |       0 |       3 |   0.0 |    79
         Sewer |       0 |     114 |   0.0 |       0 |       6 |   0.0 |   154
       Ossuary |       0 |      59 |   0.0 |       0 |       2 |   0.0 |    74
               +---------+---------+-------+---------+---------+-------+---------
